Ducks vs Sabres

Created - 1 octobre 2018 at 18:14

Simulating a Pre-Season

Goals
1 2 3 T
Ducks 3 1 0 4
Sabres 1 1 1 3
Shots
1 2 3 T
Ducks 13 7 12 32
Sabres 15 9 9 33

1st period

1. Ducks , William Nylander 1 (Mark Scheifele 1, Derek Forbort 1) at 6:34 (PP)
2. Sabres , Anders Lee 1 (Victor Hedman 4, Paul Stastny 2) at 7:43
3. Ducks , William Nylander 2 (Gabriel Landeskog 2, Colton Parayko 2) at 14:03
4. Ducks , Brandon Dubinsky 1 (Brandon Tanev 1, Troy Brouwer 1) at 14:21

Penalties :
Zach Hyman (BUF) for Hooking (Minor) at 6:20, Brandon Tanev (ANA) for Hooking (Minor) at 11:23, Josh Manson (ANA) for Tripping (Minor) at 19:48

2nd period

5. Sabres , Josh Ho-Sang 1 (Paul Stastny 3, Jake McCabe 1) at 12:55
6. Ducks , Mark Scheifele 2 (William Nylander 2, Colton Parayko 3) at 14:35 (PP)

Penalties :
Victor Hedman (BUF) for Hooking (Minor) at 13:04

3rd period

7. Sabres , Josh Ho-Sang 2 (Zach Hyman 1) at 7:41

Penalties :
Jake McCabe (BUF) for Hooking (Minor) at 11:57, Jake Dotchin (ANA) for Hooking (Minor) at 17:29

Goalie Stats

Pekka Rinne (ANA), 30 saves from 33 shots - (0.909), W, 2-0-0, 60:00 minutes
Michael Hutchinson (BUF), 13 saves from 13 shots - (1.000), 24:25 minutes
Matt Murray (BUF), 15 saves from 19 shots - (0.789), L, 1-1-0, 34:35 minutes

Players Stats for Ducks

Player Name              G  A  P  +/- PIM S  H  SB GA TA FO     MP     PP MP  PK MP  
------------------------------------------------------------------------------------
Andrew Shaw              0  0  0  -2  0   0  0  0  0  0  1/1    12:16   0:00   0:00 
Brandon Dubinsky         1  0  1   1  0   1  0  0  0  0  17/26  16:29   0:00   4:13 
Brandon Tanev            0  1  1   1  2   2  1  1  0  0  0/3    14:58   0:00   2:43 
Claude Giroux            0  0  0   0  0   2  0  0  0  0  3/5    14:09   1:52   0:00 
Colton Parayko           0  2  2   1  0   1  1  2  0  0  0/0    22:27   1:50   2:34 
David Backes             0  0  0   0  0   1  2  0  0  0  0/0    12:59   0:00   0:00 
Derek Forbort            0  1  1   0  0   3  2  0  0  0  0/0    18:37   1:54   0:16 
Gabriel Landeskog        0  1  1   0  0   2  1  0  0  0  1/3    16:52   1:52   1:30 
Jake Dotchin             0  0  0  -2  2   0  0  1  0  0  0/0    18:01   0:00   1:42 
Joakim Ryan              0  0  0   0  0   0  0  1  0  0  0/0    20:09   1:54   2:19 
Josh Manson              0  0  0   1  2   1  4  1  0  0  0/0    21:09   1:50   1:48 
Mark Scheifele           1  1  2   0  0   3  0  0  0  0  6/11   14:09   1:52   0:00 
Milan Lucic              0  0  0  -2  0   3  4  0  0  0  0/0    12:16   0:00   0:00 
Roman Polak              0  0  0  -2  0   0  0  0  0  0  0/0    19:35   0:00   3:15 
Troy Brouwer             0  1  1   1  0   3  2  0  0  0  0/1    14:31   0:00   1:44 
Tyler Johnson            0  0  0  -2  0   0  0  0  0  0  6/17   15:52   1:52   1:44 
Wayne Simmonds           0  0  0   0  0   4  3  0  0  0  0/0    14:09   1:52   0:00 
William Nylander         2  1  3   0  0   6  0  0  0  0  13/17  15:22   1:52   0:00 

Players Stats for Sabres

Player Name              G  A  P  +/- PIM S  H  SB GA TA FO     MP     PP MP  PK MP  
------------------------------------------------------------------------------------
Adam Pelech              0  0  0   0  0   0  1  0  0  0  0/0    12:09   0:00   1:25 
Anders Lee               1  0  1   0  0   4  4  0  0  0  0/0    22:47   3:26   2:28 
Brett Connolly           0  0  0   1  0   4  1  0  0  0  0/1    13:58   0:00   0:00 
Brock Nelson             0  0  0  -1  0   2  0  1  0  0  1/2    19:27   2:18   0:14 
Dan Girardi              0  0  0   1  0   0  0  1  0  0  0/0    19:28   3:19   1:15 
Jake McCabe              0  1  1   1  2   1  0  1  0  0  0/0    18:40   3:19   0:28 
Jason Zucker             0  0  0   0  0   3  0  0  0  0  0/2    21:21   3:26   1:02 
Josh Bailey              0  0  0  -1  0   4  1  0  0  0  0/0    18:37   2:31   0:00 
Josh Ho-Sang             2  0  2   2  0   4  0  0  0  0  3/20   16:49   0:00   0:00 
Kyle Turris              0  0  0  -1  0   4  0  0  0  0  12/23  19:39   2:31   1:02 
Nathan Beaulieu          0  0  0   0  0   1  1  1  0  0  0/0     6:30   0:00   0:25 
Paul Stastny             0  2  2   1  0   2  1  0  0  0  21/35  24:36   3:26   2:28 
Remi Elie                0  0  0   1  0   0  2  0  0  0  0/0     4:07   0:00   0:14 
Ryan Murray              0  0  0   0  0   0  1  0  0  0  0/0    10:44   0:00   0:00 
Sebastian AhoD           0  0  0   0  0   0  0  0  0  0  0/0     6:05   0:00   0:00 
Tyler Myers              0  0  0   0  0   2  0  3  0  0  0/0    23:43   2:38   2:29 
Victor Hedman            0  1  1   0  2   0  3  2  0  0  0/0    22:39   2:38   1:26 
Zach Hyman               0  1  1   1  2   2  1  0  0  0  0/1    14:54   0:13   0:00 

3 Stars

1 - William Nylander (ANA)
2 - Josh Ho-Sang (BUF)
3 - Mark Scheifele (ANA)

Power Play

Ducks - 2 on 3 Attempt(s) - 66.67%
Sabres - 0 on 3 Attempt(s) - 0.00%

Penalty Kill

Ducks - 3 on 3 Attempt(s) - 100.00% - Score 0 goal in Penalty Kill
Sabres - 1 on 3 Attempt(s) - 33.33% - Score 0 goal in Penalty Kill

Team Stat

Ducks - Hits : 20 - Faceoff Wins : 47 - Blocked Shots : 6 - Penalty Minutes : 6
Sabres - Hits : 16 - Faceoff Wins : 37 - Blocked Shots : 9 - Penalty Minutes : 6

Official

Referees : Garrett Rank and Mike Hasenfratz
Linesman : Ryan Gibbons and Tim Nowak

Game Notes

Michael Hutchinson enters game at 14:35 of 2nd period

% Time on Ice - Ducks

Lines # - Real PCT - Wanted PCT - Time Play
Normal Forward
1 - 25% - 25% - 12:17
2 - 26% - 25% - 12:59
3 - 25% - 25% - 12:16
4 - 25% - 25% - 12:16
Normal Defense
1 - 32% - 35% - 15:56
2 - 35% - 35% - 17:32
3 - 33% - 30% - 16:20
4 - 0% - 0% - 0:00
PP Forward
1 - 50% - 55% - 1:52
2 - 50% - 45% - 1:52
PP Defense
1 - 51% - 55% - 1:54
2 - 49% - 45% - 1:50
PK Forward
1 - 71% - 55% - 4:13
2 - 29% - 45% - 1:44
PK Defense
1 - 57% - 55% - 3:23
2 - 43% - 45% - 2:34
PK3 Forward
1 - 0% - 55%
2 - 0% - 45%
PK3 Defense
1 - 0% - 55%
2 - 0% - 45%
44 Forward
1 - 0% - 55%
2 - 0% - 45%
44 Defense
1 - 0% - 55%
2 - 0% - 45%
Last Minute Offensive  - 0:00
Last Minute Defensive  - 0:31
Total
Forward - 60:00
Defense - 60:00

% Time on Ice - Sabres

Lines # - Real PCT - Wanted PCT - Time Play
Normal Forward
1 - 34% - 40% - 16:53
2 - 32% - 30% - 16:06
3 - 27% - 20% - 13:27
4 - 7% - 10% - 3:22
Normal Defense
1 - 36% - 40% - 18:05
2 - 30% - 30% - 14:54
3 - 22% - 20% - 10:44
4 - 12% - 10% - 6:05
PP Forward
1 - 58% - 60% - 3:26
2 - 42% - 40% - 2:31
PP Defense
1 - 44% - 60% - 2:38
2 - 56% - 40% - 3:19
PK Forward
1 - 72% - 60% - 2:42
2 - 28% - 40% - 1:02
PK Defense
1 - 67% - 60% - 2:29
2 - 33% - 40% - 1:15
PK3 Forward
1 - 0% - 60%
2 - 0% - 40%
PK3 Defense
1 - 0% - 60%
2 - 0% - 40%
44 Forward
1 - 0% - 60%
2 - 0% - 40%
44 Defense
1 - 0% - 60%
2 - 0% - 40%
Last Minute Offensive  - 0:31
Last Minute Defensive  - 0:00
Total
Forward - 60:00
Defense - 60:00

Play by Play

1st period


0:01 of 1st period - Mark Scheifele wins face-off versus Paul Stastny in neutral zone.
0:01 of 1st period - Mark Scheifele is hit by Anders Lee.
0:18 of 1st period - Shot by Claude Giroux.
0:18 of 1st period - Deflect By Mark Scheifele.
0:18 of 1st period - Shot Blocked by Tyler Myers.
0:51 of 1st period - Icing by Victor Hedman.
0:52 of 1st period - Paul Stastny wins face-off versus Tyler Johnson in Sabres zone.
1:23 of 1st period - Shot by Brock Nelson.
1:23 of 1st period - Stopped by Pekka Rinne with a rebound.
1:35 of 1st period - Shot by Kyle Turris.
1:35 of 1st period - Stopped by Pekka Rinne with a rebound.
2:01 of 1st period - Shot by Troy Brouwer.
2:01 of 1st period - Stopped by Matt Murray without a rebound.
2:02 of 1st period - William Nylander wins face-off versus Paul Stastny in Sabres zone.
2:03 of 1st period - Shot by David Backes.
2:03 of 1st period - Shot Misses the Net.
2:51 of 1st period - William Nylander is hit by Remi Elie and loses puck.
3:06 of 1st period - Shot by Josh Bailey.
3:06 of 1st period - Shot Blocked by Colton Parayko.
3:08 of 1st period - Shot by Kyle Turris.
3:08 of 1st period - Stopped by Pekka Rinne without a rebound.
3:09 of 1st period - Kyle Turris wins face-off versus Brandon Dubinsky in Ducks zone.
3:21 of 1st period - Off-side.
3:22 of 1st period - Mark Scheifele wins face-off versus Zach Hyman in neutral zone.
4:37 of 1st period - Shot by Josh Bailey.
4:37 of 1st period - Shot Blocked by Jake Dotchin.
5:35 of 1st period - Shot by Troy Brouwer.
5:35 of 1st period - Stopped by Matt Murray without a rebound.
5:36 of 1st period - Paul Stastny wins face-off versus Tyler Johnson in Sabres zone.
5:36 of 1st period - Jason Zucker is hit by Milan Lucic.
5:39 of 1st period - Off-side.
5:40 of 1st period - Tyler Johnson wins face-off versus Josh Ho-Sang in neutral zone.
6:14 of 1st period - Brett Connolly is hit by Josh Manson and loses puck.
6:20 of 1st period - Minor Penalty to Zach Hyman for Hooking.
6:21 of 1st period - Mark Scheifele wins face-off versus Paul Stastny in Sabres zone.
6:34 of 1st period - Shot by Mark Scheifele.
6:34 of 1st period - Deflect By William Nylander.
6:34 of 1st period - Goal by William Nylander - Ducks : 1 - Sabres : 0.
6:35 of 1st period - Brandon Dubinsky wins face-off versus Kyle Turris in neutral zone.
6:39 of 1st period - Off-side.
6:40 of 1st period - Brandon Dubinsky wins face-off versus Paul Stastny in neutral zone.
7:06 of 1st period - Shot by Brandon Tanev.
7:06 of 1st period - Shot Misses the Net.
7:08 of 1st period - Shot by Brandon Tanev.
7:08 of 1st period - Stopped by Matt Murray without a rebound.
7:09 of 1st period - William Nylander wins face-off versus Brock Nelson in Sabres zone.
7:16 of 1st period - Shot by Gabriel Landeskog.
7:16 of 1st period - Deflect By David Backes.
7:16 of 1st period - Shot Misses the Net.
7:32 of 1st period - Shot by William Nylander.
7:32 of 1st period - Stopped by Matt Murray with a rebound.
7:34 of 1st period - Shot by William Nylander.
7:34 of 1st period - Stopped by Matt Murray without a rebound.
7:35 of 1st period - Paul Stastny wins face-off versus Tyler Johnson in Sabres zone.
7:35 of 1st period - Paul Stastny is hit by Milan Lucic.
7:43 of 1st period - Shot by Anders Lee.
7:43 of 1st period - Goal by Anders Lee - Ducks : 1 - Sabres : 1.
7:44 of 1st period - Brandon Dubinsky wins face-off versus Josh Ho-Sang in neutral zone.
7:49 of 1st period - Icing by Victor Hedman.
7:50 of 1st period - Brandon Dubinsky wins face-off versus Josh Ho-Sang in Sabres zone.
8:07 of 1st period - Shot by Troy Brouwer.
8:07 of 1st period - Shot Misses the Net.
8:13 of 1st period - Shot by Troy Brouwer.
8:13 of 1st period - Shot Misses the Net.
8:15 of 1st period - Shot by Brandon Dubinsky.
8:15 of 1st period - Deflect By Brandon Tanev.
8:15 of 1st period - Shot Blocked by Victor Hedman.
8:17 of 1st period - Shot by Brandon Dubinsky.
8:17 of 1st period - Deflect By Troy Brouwer.
8:17 of 1st period - Shot Misses the Net.
8:19 of 1st period - Shot by Brandon Tanev.
8:19 of 1st period - Shot Misses the Net.
9:37 of 1st period - Andrew Shaw is hit by Anders Lee and loses puck.
10:14 of 1st period - Shot by Brock Nelson.
10:14 of 1st period - Deflect By Josh Bailey.
10:14 of 1st period - Stopped by Pekka Rinne with a rebound.
10:29 of 1st period - Icing by Jake Dotchin.
10:30 of 1st period - Josh Ho-Sang wins face-off versus Tyler Johnson in Ducks zone.
11:16 of 1st period - Icing by Tyler Myers.
11:17 of 1st period - Brandon Dubinsky wins face-off versus Josh Ho-Sang in Sabres zone.
11:21 of 1st period - Brandon Tanev is hit by Victor Hedman and loses puck.
11:23 of 1st period - Minor Penalty to Brandon Tanev for Hooking.
11:24 of 1st period - Brandon Dubinsky wins face-off versus Paul Stastny in Ducks zone.
11:24 of 1st period - Brandon Dubinsky is hit by Paul Stastny.
11:42 of 1st period - Shot by Jason Zucker.
11:42 of 1st period - Shot Blocked by Colton Parayko.
11:44 of 1st period - Shot by Jake McCabe.
11:44 of 1st period - Stopped by Pekka Rinne without a rebound.
11:45 of 1st period - Gabriel Landeskog wins face-off versus Kyle Turris in Ducks zone.
12:02 of 1st period - Shot by Kyle Turris.
12:02 of 1st period - Stopped by Pekka Rinne without a rebound.
12:03 of 1st period - Paul Stastny wins face-off versus Brandon Dubinsky in Ducks zone.
12:10 of 1st period - Shot by Anders Lee.
12:10 of 1st period - Stopped by Pekka Rinne without a rebound.
12:11 of 1st period - Paul Stastny wins face-off versus Brandon Dubinsky in Ducks zone.
12:20 of 1st period - Shot by Anders Lee.
12:20 of 1st period - Stopped by Pekka Rinne without a rebound.
12:21 of 1st period - Brandon Dubinsky wins face-off versus Jason Zucker in Ducks zone.
12:30 of 1st period - Roman Polak is hit by Anders Lee and loses puck.
12:59 of 1st period - Shot by Anders Lee.
12:59 of 1st period - Deflect By Jason Zucker.
12:59 of 1st period - Stopped by Pekka Rinne without a rebound.
13:00 of 1st period - Kyle Turris wins face-off versus Brandon Dubinsky in Ducks zone.
13:01 of 1st period - Shot by Josh Bailey.
13:01 of 1st period - Stopped by Pekka Rinne without a rebound.
13:02 of 1st period - Kyle Turris wins face-off versus Brandon Dubinsky in Ducks zone.
13:02 of 1st period - Kyle Turris is hit by Colton Parayko.
13:04 of 1st period - Shot by Brock Nelson.
13:04 of 1st period - Shot Blocked by Josh Manson.
13:30 of 1st period - Zach Hyman is hit by Derek Forbort and loses puck.
13:44 of 1st period - Zach Hyman is hit by Derek Forbort and loses puck.
13:47 of 1st period - Shot by Brett Connolly.
13:47 of 1st period - Stopped by Pekka Rinne without a rebound.
13:48 of 1st period - Paul Stastny wins face-off versus Gabriel Landeskog in Ducks zone.
13:53 of 1st period - Shot by Paul Stastny.
13:53 of 1st period - Shot Misses the Net.
14:03 of 1st period - Shot by William Nylander.
14:03 of 1st period - Goal by William Nylander - Ducks : 2 - Sabres : 1.
14:04 of 1st period - Brandon Dubinsky wins face-off versus Kyle Turris in neutral zone.
14:21 of 1st period - Shot by Brandon Dubinsky.
14:21 of 1st period - Goal by Brandon Dubinsky - Ducks : 3 - Sabres : 1.
14:22 of 1st period - William Nylander wins face-off versus Paul Stastny in neutral zone.
14:42 of 1st period - Icing by Colton Parayko.
14:43 of 1st period - Kyle Turris wins face-off versus William Nylander in Ducks zone.
14:50 of 1st period - Shot by Brock Nelson.
14:50 of 1st period - Stopped by Pekka Rinne without a rebound.
14:51 of 1st period - Brandon Dubinsky wins face-off versus Paul Stastny in Ducks zone.
14:55 of 1st period - Off-side.
14:56 of 1st period - Paul Stastny wins face-off versus Brandon Tanev in neutral zone.
14:58 of 1st period - Jason Zucker is hit by Brandon Tanev and loses puck.
15:02 of 1st period - Dan Girardi is hit by Troy Brouwer and loses puck.
15:11 of 1st period - Shot by Anders Lee.
15:11 of 1st period - Stopped by Pekka Rinne without a rebound.
15:12 of 1st period - Claude Giroux wins face-off versus Kyle Turris in Ducks zone.
15:29 of 1st period - Off-side.
15:30 of 1st period - Paul Stastny wins face-off versus Troy Brouwer in neutral zone.
16:54 of 1st period - Shot by Wayne Simmonds.
16:54 of 1st period - Stopped by Matt Murray with a rebound.
16:56 of 1st period - Shot by Mark Scheifele.
16:56 of 1st period - Shot Blocked by Tyler Myers.
17:10 of 1st period - Shot by Wayne Simmonds.
17:10 of 1st period - Stopped by Matt Murray without a rebound.
17:11 of 1st period - William Nylander wins face-off versus Josh Ho-Sang in Sabres zone.
17:16 of 1st period - Shot by Gabriel Landeskog.
17:16 of 1st period - Stopped by Matt Murray without a rebound.
17:17 of 1st period - William Nylander wins face-off versus Josh Ho-Sang in Sabres zone.
17:29 of 1st period - Shot by Brett Connolly.
17:29 of 1st period - Deflect By Josh Ho-Sang.
17:29 of 1st period - Stopped by Pekka Rinne without a rebound.
17:30 of 1st period - Tyler Johnson wins face-off versus Paul Stastny in Ducks zone.
17:47 of 1st period - Shot by Milan Lucic.
17:47 of 1st period - Stopped by Matt Murray without a rebound.
17:48 of 1st period - William Nylander wins face-off versus Josh Ho-Sang in Sabres zone.
18:13 of 1st period - Shot by David Backes.
18:13 of 1st period - Shot Misses the Net.
18:17 of 1st period - Shot by William Nylander.
18:17 of 1st period - Stopped by Matt Murray with a rebound.
18:29 of 1st period - Icing by Jake Dotchin.
18:30 of 1st period - William Nylander wins face-off versus Paul Stastny in Ducks zone.
18:56 of 1st period - Claude Giroux is hit by Victor Hedman.
19:48 of 1st period - Minor Penalty to Josh Manson for Tripping.
19:49 of 1st period - Brandon Dubinsky wins face-off versus Kyle Turris in Ducks zone.
Goals for this period are 3 for Ducks vs 1 for Sabres.
Shots for this period are 13 for Ducks vs 15 for Sabres.

2nd period


0:01 of 2nd period - Paul Stastny wins face-off versus Brandon Tanev in neutral zone.
0:22 of 2nd period - Shot by Tyler Myers.
0:22 of 2nd period - Stopped by Pekka Rinne without a rebound.
0:23 of 2nd period - Kyle Turris wins face-off versus Tyler Johnson in Ducks zone.
1:35 of 2nd period - Shot by Paul Stastny.
1:35 of 2nd period - Stopped by Pekka Rinne with a rebound.
1:51 of 2nd period - Shot by Brett Connolly.
1:51 of 2nd period - Shot Misses the Net.
1:53 of 2nd period - Shot by Zach Hyman.
1:53 of 2nd period - Deflect By Josh Ho-Sang.
1:53 of 2nd period - Stopped by Pekka Rinne without a rebound.
1:54 of 2nd period - William Nylander wins face-off versus Josh Ho-Sang in Ducks zone.
3:11 of 2nd period - Shot by Jason Zucker.
3:11 of 2nd period - Stopped by Pekka Rinne without a rebound.
3:12 of 2nd period - Kyle Turris wins face-off versus Brandon Dubinsky in Ducks zone.
3:15 of 2nd period - Shot by Josh Bailey.
3:15 of 2nd period - Shot Misses the Net.
4:16 of 2nd period - Shot by Andrew Shaw.
4:16 of 2nd period - Shot Misses the Net.
4:18 of 2nd period - Shot by Milan Lucic.
4:18 of 2nd period - Stopped by Matt Murray without a rebound.
4:19 of 2nd period - Paul Stastny wins face-off versus Mark Scheifele in Sabres zone.
4:19 of 2nd period - Paul Stastny is hit by Wayne Simmonds.
4:25 of 2nd period - Victor Hedman is hit by Josh Manson and loses puck.
5:43 of 2nd period - Shot by Zach Hyman.
5:43 of 2nd period - Stopped by Pekka Rinne with a rebound.
5:54 of 2nd period - Off-side.
5:55 of 2nd period - Kyle Turris wins face-off versus Brandon Tanev in neutral zone.
6:42 of 2nd period - Shot by William Nylander.
6:42 of 2nd period - Stopped by Matt Murray with a rebound.
6:44 of 2nd period - Shot by Gabriel Landeskog.
6:44 of 2nd period - Shot Misses the Net.
6:46 of 2nd period - Shot by Colton Parayko.
6:46 of 2nd period - Shot Misses the Net.
7:06 of 2nd period - Shot by William Nylander.
7:06 of 2nd period - Shot Misses the Net.
7:08 of 2nd period - Shot by Colton Parayko.
7:08 of 2nd period - Stopped by Matt Murray without a rebound.
7:09 of 2nd period - Paul Stastny wins face-off versus Tyler Johnson in Sabres zone.
7:13 of 2nd period - Off-side.
7:14 of 2nd period - Andrew Shaw wins face-off versus Paul Stastny in neutral zone.
7:24 of 2nd period - Icing by Victor Hedman.
7:25 of 2nd period - Mark Scheifele wins face-off versus Jason Zucker in Sabres zone.
7:40 of 2nd period - Shot by Mark Scheifele.
7:40 of 2nd period - Shot Misses the Net.
8:28 of 2nd period - Icing by Claude Giroux.
8:29 of 2nd period - Claude Giroux wins face-off versus Kyle Turris in Ducks zone.
10:26 of 2nd period - Shot by William Nylander.
10:26 of 2nd period - Shot Blocked by Victor Hedman.
11:13 of 2nd period - Zach Hyman is hit by Milan Lucic and loses puck.
11:42 of 2nd period - Shot by Brett Connolly.
11:42 of 2nd period - Stopped by Pekka Rinne without a rebound.
11:43 of 2nd period - Brock Nelson wins face-off versus Mark Scheifele in Ducks zone.
12:19 of 2nd period - Off-side.
12:20 of 2nd period - Brandon Dubinsky wins face-off versus Josh Ho-Sang in neutral zone.
12:29 of 2nd period - Icing by Sebastian AhoD.
12:30 of 2nd period - William Nylander wins face-off versus Josh Ho-Sang in Sabres zone.
12:30 of 2nd period - William Nylander is hit by Nathan Beaulieu.
12:32 of 2nd period - Shot by Derek Forbort.
12:32 of 2nd period - Stopped by Matt Murray with a rebound.
12:43 of 2nd period - Icing by Joakim Ryan.
12:44 of 2nd period - William Nylander wins face-off versus Paul Stastny in Ducks zone.
12:44 of 2nd period - William Nylander is hit by Remi Elie.
12:53 of 2nd period - Shot by Josh Ho-Sang.
12:53 of 2nd period - Shot Misses the Net.
12:55 of 2nd period - Shot by Josh Ho-Sang.
12:55 of 2nd period - Goal by Josh Ho-Sang - Ducks : 3 - Sabres : 2.
12:56 of 2nd period - Brandon Dubinsky wins face-off versus Paul Stastny in neutral zone.
13:03 of 2nd period - Shot by Troy Brouwer.
13:03 of 2nd period - Stopped by Matt Murray without a rebound.
13:04 of 2nd period - Tyler Johnson wins face-off versus Josh Ho-Sang in Sabres zone.
13:04 of 2nd period - Minor Penalty to Victor Hedman for Hooking.
13:05 of 2nd period - Paul Stastny wins face-off versus Claude Giroux in Sabres zone.
13:46 of 2nd period - Anders Lee is hit by Gabriel Landeskog.
14:11 of 2nd period - Icing by Mark Scheifele.
14:12 of 2nd period - Kyle Turris wins face-off versus Mark Scheifele in Ducks zone.
14:35 of 2nd period - Shot by Mark Scheifele.
14:35 of 2nd period - Goal by Mark Scheifele - Ducks : 4 - Sabres : 2.
14:35 of 2nd period - Michael Hutchinson enters game.
14:36 of 2nd period - Brandon Dubinsky wins face-off versus Josh Ho-Sang in neutral zone.
14:55 of 2nd period - Shot by Zach Hyman.
14:55 of 2nd period - Shot Misses the Net.
15:55 of 2nd period - Shot by Josh Bailey.
15:55 of 2nd period - Shot Misses the Net.
16:24 of 2nd period - Shot by Paul Stastny.
16:24 of 2nd period - Shot Hit the Post.
16:33 of 2nd period - Icing by Brandon Dubinsky.
16:34 of 2nd period - Josh Ho-Sang wins face-off versus Brandon Dubinsky in Ducks zone.
16:35 of 2nd period - Shot by Brett Connolly.
16:35 of 2nd period - Shot Blocked by Brandon Tanev.
16:42 of 2nd period - Brandon Tanev is hit by Zach Hyman and loses puck.
16:55 of 2nd period - Shot by Zach Hyman.
16:55 of 2nd period - Shot Blocked by Joakim Ryan.
16:57 of 2nd period - Shot by Brett Connolly.
16:57 of 2nd period - Stopped by Pekka Rinne with a rebound.
16:59 of 2nd period - Shot by Zach Hyman.
16:59 of 2nd period - Stopped by Pekka Rinne without a rebound.
17:00 of 2nd period - Paul Stastny wins face-off versus William Nylander in Ducks zone.
17:04 of 2nd period - Paul Stastny is hit by Josh Manson and loses puck.
17:19 of 2nd period - Shot by Jason Zucker.
17:19 of 2nd period - Deflect By Anders Lee.
17:19 of 2nd period - Shot Misses the Net.
17:48 of 2nd period - Victor Hedman is hit by Josh Manson and loses puck.
18:24 of 2nd period - Shot by Milan Lucic.
18:24 of 2nd period - Shot Misses the Net.
18:26 of 2nd period - Shot by Andrew Shaw.
18:26 of 2nd period - Shot Misses the Net.
18:30 of 2nd period - Shot by Tyler Johnson.
18:30 of 2nd period - Shot Misses the Net.
18:36 of 2nd period - Shot by Milan Lucic.
18:36 of 2nd period - Shot Blocked by Jake McCabe.
19:01 of 2nd period - Shot by Claude Giroux.
19:01 of 2nd period - Shot Misses the Net.
19:03 of 2nd period - Shot by Mark Scheifele.
19:03 of 2nd period - Stopped by Michael Hutchinson without a rebound.
19:04 of 2nd period - Mark Scheifele wins face-off versus Brett Connolly in Sabres zone.
19:08 of 2nd period - Claude Giroux is hit by Ryan Murray and loses puck.
19:18 of 2nd period - Wayne Simmonds is hit by Adam Pelech and loses puck.
19:24 of 2nd period - Icing by Zach Hyman.
19:25 of 2nd period - Josh Ho-Sang wins face-off versus William Nylander in Sabres zone.
19:25 of 2nd period - Brett Connolly is hit by David Backes and loses puck.
Goals for this period are 1 for Ducks vs 1 for Sabres.
Shots for this period are 7 for Ducks vs 9 for Sabres.

3rd period


0:01 of 3rd period - Paul Stastny wins face-off versus Tyler Johnson in neutral zone.
1:04 of 3rd period - Brock Nelson is hit by Wayne Simmonds and loses puck.
1:09 of 3rd period - Shot by Wayne Simmonds.
1:09 of 3rd period - Shot Misses the Net.
1:11 of 3rd period - Shot by Wayne Simmonds.
1:11 of 3rd period - Shot Misses the Net.
1:39 of 3rd period - Shot by Claude Giroux.
1:39 of 3rd period - Deflect By Wayne Simmonds.
1:39 of 3rd period - Stopped by Michael Hutchinson without a rebound.
1:40 of 3rd period - William Nylander wins face-off versus Josh Ho-Sang in Sabres zone.
1:55 of 3rd period - Ryan Murray is hit by David Backes.
3:14 of 3rd period - Shot by Claude Giroux.
3:14 of 3rd period - Shot Misses the Net.
3:16 of 3rd period - Shot by Wayne Simmonds.
3:16 of 3rd period - Deflect By Claude Giroux.
3:16 of 3rd period - Shot Misses the Net.
3:18 of 3rd period - Shot by Claude Giroux.
3:18 of 3rd period - Stopped by Michael Hutchinson without a rebound.
3:19 of 3rd period - Tyler Johnson wins face-off versus Kyle Turris in Sabres zone.
3:20 of 3rd period - Shot by Milan Lucic.
3:20 of 3rd period - Stopped by Michael Hutchinson with a rebound.
4:25 of 3rd period - Shot by Paul Stastny.
4:25 of 3rd period - Stopped by Pekka Rinne without a rebound.
4:26 of 3rd period - Paul Stastny wins face-off versus Mark Scheifele in Ducks zone.
4:57 of 3rd period - Shot by Wayne Simmonds.
4:57 of 3rd period - Stopped by Michael Hutchinson with a rebound.
4:59 of 3rd period - Shot by Josh Manson.
4:59 of 3rd period - Stopped by Michael Hutchinson without a rebound.
5:00 of 3rd period - William Nylander wins face-off versus Kyle Turris in Sabres zone.
5:07 of 3rd period - Shot by Gabriel Landeskog.
5:07 of 3rd period - Shot Blocked by Brock Nelson.
5:09 of 3rd period - Shot by William Nylander.
5:09 of 3rd period - Deflect By David Backes.
5:09 of 3rd period - Stopped by Michael Hutchinson without a rebound.
5:10 of 3rd period - Brandon Dubinsky wins face-off versus Josh Ho-Sang in Sabres zone.
6:10 of 3rd period - Shot by Kyle Turris.
6:10 of 3rd period - Stopped by Pekka Rinne without a rebound.
6:11 of 3rd period - Paul Stastny wins face-off versus Gabriel Landeskog in Ducks zone.
6:18 of 3rd period - Shot by Anders Lee.
6:18 of 3rd period - Shot Misses the Net.
6:51 of 3rd period - Shot by Gabriel Landeskog.
6:51 of 3rd period - Shot Misses the Net.
7:25 of 3rd period - Shot by Claude Giroux.
7:25 of 3rd period - Stopped by Michael Hutchinson without a rebound.
7:26 of 3rd period - Tyler Johnson wins face-off versus Josh Ho-Sang in Sabres zone.
7:27 of 3rd period - Shot by Andrew Shaw.
7:27 of 3rd period - Shot Misses the Net.
7:41 of 3rd period - Shot by Josh Ho-Sang.
7:41 of 3rd period - Goal by Josh Ho-Sang - Ducks : 4 - Sabres : 3.
7:42 of 3rd period - Kyle Turris wins face-off versus Brandon Dubinsky in neutral zone.
8:01 of 3rd period - Troy Brouwer is hit by Victor Hedman and loses puck.
8:10 of 3rd period - Shot by Kyle Turris.
8:10 of 3rd period - Shot Misses the Net.
8:12 of 3rd period - Shot by Tyler Myers.
8:12 of 3rd period - Stopped by Pekka Rinne without a rebound.
8:13 of 3rd period - Paul Stastny wins face-off versus Tyler Johnson in Ducks zone.
8:30 of 3rd period - Shot by Tyler Johnson.
8:30 of 3rd period - Shot Misses the Net.
8:36 of 3rd period - Shot by Tyler Johnson.
8:36 of 3rd period - Shot Misses the Net.
9:58 of 3rd period - Icing by Josh Bailey.
9:59 of 3rd period - William Nylander wins face-off versus Kyle Turris in Sabres zone.
10:40 of 3rd period - Shot by Brett Connolly.
10:40 of 3rd period - Stopped by Pekka Rinne without a rebound.
10:41 of 3rd period - Paul Stastny wins face-off versus Tyler Johnson in Ducks zone.
10:58 of 3rd period - Shot by Nathan Beaulieu.
10:58 of 3rd period - Stopped by Pekka Rinne without a rebound.
10:59 of 3rd period - Brandon Dubinsky wins face-off versus Josh Ho-Sang in Ducks zone.
11:06 of 3rd period - Shot by Brandon Tanev.
11:06 of 3rd period - Stopped by Michael Hutchinson without a rebound.
11:07 of 3rd period - Tyler Johnson wins face-off versus Kyle Turris in Sabres zone.
11:38 of 3rd period - Shot by Josh Bailey.
11:38 of 3rd period - Stopped by Pekka Rinne without a rebound.
11:39 of 3rd period - Paul Stastny wins face-off versus William Nylander in Ducks zone.
11:56 of 3rd period - Shot by Gabriel Landeskog.
11:56 of 3rd period - Shot Blocked by Dan Girardi.
11:57 of 3rd period - Minor Penalty to Jake McCabe for Hooking.
11:58 of 3rd period - Paul Stastny wins face-off versus Claude Giroux in Sabres zone.
12:07 of 3rd period - Tyler Myers is hit by Wayne Simmonds and loses puck.
12:26 of 3rd period - Shot by Claude Giroux.
12:26 of 3rd period - Shot Blocked by Tyler Myers.
12:49 of 3rd period - Shot by Tyler Johnson.
12:49 of 3rd period - Deflect By William Nylander.
12:49 of 3rd period - Shot Misses the Net.
12:51 of 3rd period - Shot by Derek Forbort.
12:51 of 3rd period - Stopped by Michael Hutchinson with a rebound.
12:53 of 3rd period - Shot by Mark Scheifele.
12:53 of 3rd period - Shot Misses the Net.
13:09 of 3rd period - Shot by Mark Scheifele.
13:09 of 3rd period - Stopped by Michael Hutchinson without a rebound.
13:10 of 3rd period - Claude Giroux wins face-off versus Kyle Turris in Sabres zone.
13:15 of 3rd period - Shot by Gabriel Landeskog.
13:15 of 3rd period - Stopped by Michael Hutchinson with a rebound.
13:23 of 3rd period - Shot by Claude Giroux.
13:23 of 3rd period - Shot Misses the Net.
13:25 of 3rd period - Shot by Joakim Ryan.
13:25 of 3rd period - Shot Misses the Net.
13:27 of 3rd period - Shot by Wayne Simmonds.
13:27 of 3rd period - Shot Misses the Net.
13:29 of 3rd period - Shot by Derek Forbort.
13:29 of 3rd period - Stopped by Michael Hutchinson without a rebound.
13:30 of 3rd period - Kyle Turris wins face-off versus Mark Scheifele in Sabres zone.
14:07 of 3rd period - Brandon Tanev is hit by Brett Connolly and loses puck.
14:33 of 3rd period - Shot by Roman Polak.
14:33 of 3rd period - Deflect By Brandon Tanev.
14:33 of 3rd period - Shot Blocked by Nathan Beaulieu.
14:39 of 3rd period - Nathan Beaulieu is hit by Troy Brouwer and loses puck.
14:45 of 3rd period - Icing by Sebastian AhoD.
14:46 of 3rd period - Mark Scheifele wins face-off versus Josh Ho-Sang in Sabres zone.
15:21 of 3rd period - Mark Scheifele is hit by Josh Bailey and loses puck.
16:20 of 3rd period - Shot by Paul Stastny.
16:20 of 3rd period - Shot Misses the Net.
17:10 of 3rd period - Josh Ho-Sang is hit by Milan Lucic and loses puck.
17:29 of 3rd period - Minor Penalty to Jake Dotchin for Hooking.
17:30 of 3rd period - Brandon Dubinsky wins face-off versus Paul Stastny in Ducks zone.
17:30 of 3rd period - Brandon Dubinsky is hit by Anders Lee.
17:50 of 3rd period - Shot by Tyler Myers.
17:50 of 3rd period - Shot Misses the Net.
17:58 of 3rd period - Shot by Jason Zucker.
17:58 of 3rd period - Stopped by Pekka Rinne without a rebound.
17:59 of 3rd period - Kyle Turris wins face-off versus Tyler Johnson in Ducks zone.
18:11 of 3rd period - Off-side.
18:12 of 3rd period - Kyle Turris wins face-off versus Tyler Johnson in neutral zone.
18:28 of 3rd period - Shot by Josh Bailey.
18:28 of 3rd period - Stopped by Pekka Rinne without a rebound.
18:29 of 3rd period - Brandon Dubinsky wins face-off versus Paul Stastny in Ducks zone.
18:49 of 3rd period - Icing by Paul Stastny.
18:50 of 3rd period - Paul Stastny wins face-off versus Brandon Dubinsky in Sabres zone.
19:00 of 3rd period - Sabres, Michael Hutchinson is pulled from the net.
19:38 of 3rd period - Shot by William Nylander.
19:38 of 3rd period - Shot Misses the Net.
19:40 of 3rd period - Shot by Troy Brouwer.
19:40 of 3rd period - Deflect By Gabriel Landeskog.
19:40 of 3rd period - Shot Misses the Net.
Goals for this period are 0 for Ducks vs 1 for Sabres.
Shots for this period are 12 for Ducks vs 9 for Sabres.